 Dungeon Crawl Stone Soup version 0.21.1 (webtiles) character file.

1070 RUZZLEFAZAZZLE the Skirmisher (level 8, 0/71 HPs)
             Began as a Hill Orc Fighter on Feb 5, 2018.
             Slain by Edmund
             ... wielding a +5 dire flail of protection
              (8 damage)
             ... on level 3 of the Dungeon.
             The game lasted 00:17:16 (5002 turns).

RUZZLEFAZAZZLE the Skirmisher (Hill Orc Fighter)    Turns: 5002, Time: 00:17:16

Health: 0/71       AC: 16    Str: 21    XL:     8   Next: 28%
Magic:  8/8        EV:  4    Int:  8    God:
Gold:   129        SH: 10    Dex: 10    Spells: 7/7 levels left

rFire    . . .     SeeInvis .   a - +0 long sword
rCold    . . .     Gourm    .   c - +0 shield
rNeg     . . .     Faith    +   n - +1 plate armour
rPois    .         Spirit   .   (no helmet)
rElec    .         Reflect  .   k - +0 cloak
rCorr    .         Harm     .   m - +0 pair of gloves
MR       +....                  (no boots)
Stlth    ..........             j - amulet of faith
HPRegen  0.21/turn              g - ring of protection from magic
MPRegen  0.11/turn              (no ring)

@: no status effects
A: no striking features
a: no special abilities


You were on level 3 of the Dungeon.
You were not hungry.

You visited 1 branch of the dungeon, and saw 4 of its levels.

You collected 129 gold pieces.

Inventory:

Hand Weapons
 a - a +0 long sword (weapon)
Armour
 c - a +0 shield (worn)
 k - a +0 cloak (worn)
 m - a +0 pair of gloves (worn)
 n - a +1 plate armour (worn)
Jewellery
 g - a ring of protection from magic (left hand)
 j - an amulet of faith (around neck)
 l - an uncursed ring of teleportation
Scrolls
 p - a scroll of remove curse
Comestibles
 b - 3 chunks of flesh
 f - 2 rations


   Skills:
 + Level 6.7 Fighting
 + Level 5.5 Long Blades
 + Level 6.1 Armour
 + Level 6.1 Shields


You had 7 spell levels left.
You didn't know any spells.

Dungeon Overview and Level Annotations

Branches:
Dungeon (4/15)
 Temple: D:4-7

Altars:
Ashenzari
Cheibriados
Nemelex Xobeh
Sif Muna
Yredelemnul

Annotations:
D:3 Edmund


Message History

You hit Edmund but do no damage.
Edmund is heavily wounded.
Edmund hits you but does no damage.
You hit Edmund.
Edmund is heavily wounded.
Edmund hits you but does no damage.
You closely miss Edmund.
Edmund is heavily wounded.
Edmund hits you with a dire flail of protection!
* * * LOW HITPOINT WARNING * * *
You completely miss Edmund.
Edmund is heavily wounded.
You block Edmund's attack.
You slash Edmund!
Edmund is severely wounded.
You block Edmund's attack.
You hit Edmund.
Edmund is almost dead.
Edmund hits you with a dire flail of protection!
You die...

#..#.##......#
###
##.#.##......#
#..
#.#.##...####
#.. #.#......#
##..
#........#
#...
#####......##
#...
#......#####
#... #.....@#
#... #.....@#
#... ########
#... #... #...
#... #... ####
# #


You could see Edmund.

Vanquished Creatures
  Eustachio (D:4)
  The ghost of khargal the Sneak, an amateur OpAs (D:4)
  The ghost of Thargor the Shield-Bearer, an amateur DDFi (D:3)
  A gnoll sergeant (D:4)
  A howler monkey (D:4)
  A hound (D:4)
  2 gnoll shamans (D:4)
  Terence (D:2)
  2 orc wizards (D:3)
  3 worker ants (D:4)
  21 gnolls (D:4)
  5 adders
  An ooze (D:4)
  3 worms
  3 leopard geckos
  14 orcs
  A ball python (D:1)
  6 bats
  7 giant cockroaches
  3 goblins
  14 hobgoblins
  19 jackals
  3 quokkas
  9 frilled lizards
  8 kobolds
  9 rats
  A spectral orc (D:3)
  A plant (D:4)
142 creatures vanquished.

Notes
Turn   | Place    | Note
-------+----------+-------------------------------------------
     0 | D:1      | RUZZLEFAZAZZLE the Hill Orc Fighter began the quest for the Orb.
     0 | D:1      | Reached XP level 1. HP: 19/19 MP: 1/1
   222 | D:1      | Reached XP level 2. HP: 19/27 MP: 2/2
   843 | D:2      | Reached XP level 3. HP: 33/33 MP: 3/3
   974 | D:2      | Found a sparkling altar of Nemelex Xobeh.
  1146 | D:2      | Found a snail-covered altar of Cheibriados.
  1170 | D:2      | Found a deep blue altar of Sif Muna.
  1175 | D:2      | Reached XP level 4. HP: 34/40 MP: 4/4
  1319 | D:2      | Noticed Terence
  1329 | D:2      | Killed Terence
  1387 | D:2      | Found a shattered altar of Ashenzari.
  1767 | D:3      | Noticed Thargor's ghost (amateur DDFi)
  1808 | D:3      | Killed Thargor's ghost
  1808 | D:3      | Reached XP level 5. HP: 23/47 MP: 5/5
  2040 | D:3      | Found a basalt altar of Yredelemnul.
  2210 | D:3      | Reached XP level 6. HP: 55/55 MP: 6/6
  2255 | D:3      | Reached skill level 5 in Fighting
  2699 | D:4      | Noticed Eustachio
  2713 | D:4      | Killed Eustachio
  2713 | D:4      | Reached skill level 5 in Armour
  2713 | D:4      | Reached skill level 5 in Shields
  2713 | D:4      | Reached XP level 7. HP: 61/61 MP: 7/7
  3039 | D:4      | Noticed khargal's ghost (amateur OpAs)
  3409 | D:4      | Killed khargal's ghost
  3466 | D:4      | Noticed Edmund
  3651 | D:4      | Reached skill level 5 in Long Blades
  3731 | D:4      | Reached XP level 8. HP: 33/71 MP: 8/8
  5002 | D:3      | Slain by Edmund

Skill      XL: |  1  2  3  4  5  6  7  8 |
---------------+-------------------------+-----
Fighting       | 4 5 6 |  6.7
Long Blades    | 3 4 5 |  5.5
Armour         | 4 5 6 |  6.1
Shields        | 4 5 6 |  6.1

Action                   |  1- 3 |  4- 6 |  7- 9 || total
-------------------------+-------+-------+-------++-------
Melee: Long sword        |   152 |   227 |   398 ||   777
  Use: Scroll            |     3 |     2 |     4 ||     9
       Potion            |       |     6 |     3 ||     9
  Eat: Chunk             |     1 |     6 |     5 ||    12
       Ration            |       |       |     1 ||     1
Armor: Scale mail        |    92 |    74 |       ||   166
       Skin              |       |    18 |       ||    18
       Plate armour      |       |     3 |   257 ||   260
Dodge: Dodged            |    64 |    62 |    63 ||   189
Block: Shield            |   105 |   104 |   212 ||   421
       Rpst.: Long sword |    25 |    22 |    21 ||    68
